 Dungeon Crawl Stone Soup version 0.21-a0-582-g1b93aee (webtiles) character file.

286 sithsevirus the Chopper (level 6, -3/56 HPs)
             Began as a Minotaur Monk on Dec 19, 2017.
             Slain by an iguana (6 damage)
             ... on level 3 of the Dungeon.
             The game lasted 00:09:13 (2927 turns).

sithsevirus the Chopper (Minotaur Monk)             Turns: 2927, Time: 00:09:14

Health: -3/56      AC: 11    Str: 17    XL:     6   Next: 8%
Magic:  5/5        EV:  6    Int:  7    God:
Gold:   159        SH:  0    Dex: 13    Spells: 5/5 levels left

rFire    . . .     SeeInvis .   a - +0 hand axe
rCold    . . .     Gourm    .   (no shield)
rNeg     . . .     Faith    .   w - +0 plate armour
rPois    .         Spirit   .   (helmet restricted)
rElec    .         Reflect  .   (no cloak)
rCorr    .         Harm     .   d - +0 pair of gloves
MR       .....                  (no boots)
Stlth    ..........             (no amulet)
HPRegen  0.18/turn              (no ring)
MPRegen  0.09/turn              (no ring)

@: lethally poisoned (-3 -> -13), glowing
A: retaliatory headbutt, horns 2
a: no special abilities


You were on level 3 of the Dungeon.
You were hungry.

You visited 1 branch of the dungeon, and saw 4 of its levels.

You collected 159 gold pieces.

Inventory:

Hand Weapons
 a - a +0 hand axe (weapon)
 s - a +0 hunting sling
Missiles
 f - 137 stones
 g - 2 tomahawks (quivered)
Armour
 d - a +0 pair of gloves (worn)
 w - a +0 plate armour (worn)
Jewellery
 i - an uncursed ring of flight {unknown}
 k - a cursed ring of positive energy {unknown}
 l - an uncursed ring of wizardry {unknown}
 m - an uncursed ring of fire {unknown}
 p - an uncursed ring of protection from magic {unknown}
 u - an uncursed ring of poison resistance {unknown}
Scrolls
 h - a scroll of fog {unknown}
 j - 3 scrolls of remove curse {unknown}
 n - a scroll of enchant armour {unknown}
 t - 2 scrolls of teleportation {unknown}
 v - a scroll of noise {unknown}
Potions
 e - a potion of agility {unknown}
 o - a potion of curing
 q - a potion of degeneration {unknown}
 r - 2 potions of cancellation {unknown}
Books
 x - a book of Minor Magic

   Spells                             Type                      Level
   a - Magic Dart                     Conjuration                  1
   b - Blink                          Translocation                2
   c - Call Imp                       Summoning                    2
   d - Slow                           Hexes                        2
   e - Conjure Flame                  Conjuration/Fire             3
   f - Mephitic Cloud                 Conjuration/Poison/Air       3
Comestibles
 c - 5 rations


   Skills:
 + Level 5.1 Fighting
 * Level 6.3 Axes
 + Level 0.1 Armour
 + Level 4.7 Dodging
 - Level 1.5 Stealth


You had 5 spell levels left.
You didn't know any spells.

Dungeon Overview and Level Annotations

Branches:
Dungeon (4/15)
 Temple: D:4-7

Altars:
Hepliaklqana


Innate Abilities, Weirdness & Mutations

You reflexively headbutt those who attack you in melee.
You have a pair of horns on your head.


Message History

You headbutt the iguana, but do no damage.
The gnoll hits you from afar with a spear of venom.
You are more poisoned.
You climb upwards.
You feel sick.
There is a stone staircase leading down here.
You closely miss the gnoll. You hit the iguana but do no damage.
You feel sick. The iguana bites you.
* * * LOW HITPOINT WARNING * * *
The gnoll hits you but does no damage.
You hit the gnoll. You headbutt the gnoll.
You kill the gnoll!
You slash the iguana!
* * * LOW HITPOINT WARNING * * *
You feel sick. The iguana bites you!
* * * LOW HITPOINT WARNING * * *
Your plate armour prevents you from hitting the iguana.
The iguana is heavily wounded.
* * * LOW HITPOINT WARNING * * *
You feel sick. The iguana bites you.
You die...

#########################
#........l.......##.....#
#.........@.<....[#.....# ####
#..........)............### ...#
#................##.......#
##.####........#######...........
.......................###...####
#####....###.........### ##...###
# ####.####.#[.....# #...... #
#..# #.##.....# #..####
#########.###........# ###....##


You could see an iguana.

Vanquished Creatures
  An orc priest (D:3)
  2 orc wizards (D:3)
  Jessica (D:2)
  Robin (D:2)
  4 adders (D:2)
  2 gnolls
  An ooze (D:1)
  3 worms (D:2)
  2 dart slugs (D:2)
  2 leopard geckos
  7 orcs (D:3)
  5 giant cockroaches
  16 goblins
  19 hobgoblins
  10 jackals (D:1)
  A quokka (D:3)
  5 bats
  4 frilled lizards
  9 kobolds
  5 rats
100 creatures vanquished.

Notes
Turn   | Place    | Note
-------+----------+-------------------------------------------
     0 | D:1      | sithsevirus the Minotaur Monk began the quest for the Orb.
     0 | D:1      | Reached XP level 1. HP: 19/19 MP: 0/0
   316 | D:1      | Reached skill level 4 in Axes
   316 | D:1      | Reached XP level 2. HP: 27/27 MP: 1/1
   735 | D:1      | Reached XP level 3. HP: 29/33 MP: 2/2
  1316 | D:2      | Reached skill level 5 in Axes
  1316 | D:2      | Reached XP level 4. HP: 32/40 MP: 3/3
  1767 | D:2      | Noticed Robin
  1785 | D:2      | Killed Robin
  1914 | D:2      | Found a hazy altar of Hepliaklqana.
  1928 | D:2      | Reached XP level 5. HP: 46/47 MP: 4/4
  2042 | D:2      | Noticed Jessica
  2048 | D:2      | Killed Jessica
  2221 | D:3      | Reached skill level 6 in Axes
  2588 | D:3      | Reached skill level 5 in Fighting
  2600 | D:3      | Reached XP level 6. HP: 46/56 MP: 5/5
  2927 | D:3      | Slain by an iguana

Vault maps used:
D:1:      nzn_arrival_water_spiral
D:2:      overflow_temple_1_default, minmay_misc_feat_tiny, minmay_tetromino_o4,
          uniq_robin, uniq_jessica
D:4:      cheibrodos_quashed, overflow_temple_1_default, general_overflow_altar,
          kiku_gazebo_garden_becter, temple_statues, first_ration,
          minmay_surrounded, uniq_ijyb

Skill      XL: |  1  2  3  4  5 |
---------------+----------------+-----
Axes           | 4 5 6 |  6.3
Fighting       | 4 5 |  5.1
Dodging        | 4 |  4.7
Armour         | |  0.1
Stealth        | |  1.5

Action                   |  1- 3 |  4- 6 || total
-------------------------+-------+-------++-------
Melee: Hand axe          |    93 |   144 ||   237
       Headbutt          |    11 |    17 ||    28
  Use: Potion            |       |     1 ||     1
 Stab: Sleeping          |     2 |     2 ||     4
  Eat: Chunk             |     1 |     5 ||     6
Armor: Robe              |    17 |     6 ||    23
       Plate armour      |       |    29 ||    29
Dodge: Dodged            |    54 |    86 ||   140

Table legend:
 A = Spawn XP
 B = Non-spawn XP
 C = Spawn XP percentage of total XP
 D = Spawn monster count
 E = Non-spawn monster count
 F = Spawn count percentage of total count
 G = Total turns spent on level
                    A         B        C        D         E        F      G
               +---------+---------+-------+---------+---------+-------+---------
         Total |       0 |     409 |   0.0 |       0 |     100 |   0.0 |  2927
               +---------+---------+-------+---------+---------+-------+---------
           D:1 |       0 |      75 |   0.0 |       0 |      34 |   0.0 |  1281
           D:2 |       0 |     180 |   0.0 |       0 |      40 |   0.0 |   911
           D:3 |       0 |     154 |   0.0 |       0 |      26 |   0.0 |   721
               +---------+---------+-------+---------+---------+-------+---------
